Map: Prion Terraces

Players

DarKsTAr

  • Race: Terran Terran
  • League: Silver
  • Spawn Location: 11:00

Fropez - Winner!

  • Race: Protoss Protoss
  • League: Silver
  • Spawn Location: 5:00

VOD

Have the link to the VOD?

Description

Time

  • Played on: May 8, 2016, 11:48 a.m.
  • Length: 21:59
Show
View Real Time Build Order
Export as new Build Order

DarKsTAr Terran 

Build Orders:  

Get SALT Encoding   

  12  0:02  SCV  
  13  0:14  SCV  
  14  0:27  Supply Depot  
  14  0:29  SCV  
  15  0:41  Supply Depot  
  15  0:46  Refinery  
  15  0:49  SCV  
  16  0:56  Barracks  
  16  1:05  SCV, Refinery  
  17  1:38  SCV  
  18  1:59  Command Center  
  18  2:00  Marine  
  19  2:03  Orbital Command  
  19  2:19  Marine  
  20  2:29  SCV  
  21  2:35  Factory  
  21  2:42  SCV  
  22  2:45  Engineering Bay  
  22  2:50  Marine  
  23  2:54  SCV  
  24  3:06  SCV  
  25  3:12  Orbital Command  
  25  3:17  Refinery  
  25  3:22  Widow Mine  
  27  3:27  SCV  
  27  3:32  Missile Turret  
  28  3:39  SCV  
  28  3:40  Missile Turret  
  28  3:41  SCV, Refinery  
  30  3:52  Factory Tech Lab  
  30  3:57  Starport  
  30  4:09  SCV  
  31  4:10  SCV  
  32  4:17  Armory, Liberator  
  32  4:21  Widow Mine  
  37  4:43  Factory  
  37  4:49  Barracks Tech Lab  
  37  4:53  SCV  
  38  5:09  Starport  
  38  5:23  SCV x2  
  38  5:51  Liberator  
  38  5:54  Siege Tank  
  38  5:55  Starport Tech Lab  
  41  6:10  Factory Tech Lab  
  44  6:19  SCV  
  44  6:20  SCV  
  46  6:41  Supply Depot  
  46  6:42  Supply Depot  
  46  6:45  SCV  
  46  6:48  SCV  
  46  6:49  Hellbat x2  
  50  7:06  Viking  
  50  7:07  Starport Tech Lab  
  52  7:11  Marauder  
  54  7:22  Siege Tank  
  57  7:23  Widow Mine  
  57  7:26  Terran Ship Weapons Level 1  
  57  7:28  Supply Depot  
  59  7:30  Supply Depot  
  59  7:32  Marine  
  59  7:46  Command Center  
  59  8:02  Widow Mine  
  61  8:49  SCV x2  
  63  8:58  Planetary Fortress  
  63  9:01  SCV x2  
  65  9:03  Supply Depot  
  65  9:04  Siege Tank  
  65  9:05  Thor  
  65  9:06  Banshee  
  65  9:07  Cloaking Field  
  77  9:49  Raven  
  76  10:35  Banshee  
  76  10:36  Command Center  
  76  10:37  Siege Tank  
  76  10:40  SCV x3  
  85  10:52  SCV x2  
  84  11:03  Refinery  
  62  11:54  Viking  
  62  11:55  Thor  
  62  11:56  Hellbat  
  68  12:06  Viking  
  70  12:17  Siege Tank  
  70  12:18  Starport  
  73  12:23  SCV x3, Fusion Core  
  73  12:24  Viking  
  73  12:28  Planetary Fortress  
  78  12:34  Refinery  
  78  12:35  SCV x3  
  81  12:38  Thor  
  81  12:43  Viking  
  89  12:47  SCV x2  
  89  12:48  SCV  
  89  12:49  Hellbat  
  94  12:52  Supply Depot  
  94  12:54  Viking, Terran Vehicle Weapons Level 1  
  96  12:59  SCV x2, Armory  
  96  13:00  SCV  
  96  13:05  Fusion Core, Armory  
  99  13:11  SCV, Hellbat  
  99  13:12  SCV  
  105  13:25  Starport Tech Lab  
  103  13:27  Refinery  
  103  13:28  Refinery  
  103  13:34  Battlecruiser  
  103  13:38  Weapon Refit, Supply Depot  
  109  13:46  Supply Depot  
  109  14:04  SCV x3  
  112  14:11  Viking x2  
  112  14:16  SCV x3  
  117  14:38  Battlecruiser  
  121  14:51  Supply Depot  
  121  14:52  Supply Depot x2  
  121  15:01  Supply Depot x2  
  121  15:03  Supply Depot  
  121  15:13  Siege Tank  
  127  15:14  SCV x3  
  127  15:23  Battlecruiser  
  127  15:24  SCV  
  127  15:26  SCV x3  
  127  15:27  Battlecruiser  
  143  15:47  Terran Ship Weapons Level 2  
  143  15:50  Terran Vehicle And Ship Armor Level 1  
  143  15:56  Supply Depot x2  
  143  15:57  Supply Depot  
  143  15:58  Hi-Sec Auto Tracking  
  143  16:05  Missile Turret  
  143  16:06  Command Center  
  127  16:23  SCV x2, Command Center  
  112  16:34  Raven  
  112  16:35  SCV x2  
  90  17:12  Command Center  
  89  17:22  Battlecruiser  
  92  17:29  SCV x2  
  91  17:39  Marine  
  91  17:41  SCV x2  
  94  17:52  Planetary Fortress  
  94  17:53  SCV  
  94  17:55  Command Center  
  94  17:56  Missile Turret  
  94  17:57  Marine  
  96  18:01  Missile Turret  
  96  18:04  SCV  
  96  18:05  SCV  
  98  18:16  SCV  
  98  18:17  SCV  
  100  18:28  SCV  
  100  18:29  SCV  
  102  18:45  Refinery  
  102  18:47  Refinery  
  100  18:53  Starport Tech Lab  
  87  19:23  Command Center  
  77  19:35  Terran Vehicle Weapons Level 2  
  77  19:50  Banshee  
  80  20:37  Banshee  
  80  20:38  Banshee  
  72  20:55  Banshee  
Show
View Real Time Build Order
Export as new Build Order

Fropez Protoss - Winner!

Build Orders: 1 Gate Expand 

Get SALT Encoding   

  12  0:02  Probe (Chrono Boost)  
  13  0:20  Pylon  
  13  0:27  Probe (Chrono Boost)  
  14  0:38  Probe (Chrono Boost)  
  14  0:40  Assimilator  
  15  0:48  Gateway  
  15  0:56  Probe (Chrono Boost)  
  16  1:06  Probe (Chrono Boost)  
  18  1:18  Probe (Chrono Boost)  
  18  1:19  Pylon  
  18  1:41  Nexus  
  18  1:57  Cybernetics Core  
  18  2:07  Pylon, Probe (Chrono Boost)  
  19  2:18  Probe (Chrono Boost)  
  21  2:35  Mothership Core (Chrono Boost)  
  22  2:40  Assimilator  
  22  2:52  Warp Gate (Chrono Boost)  
  22  2:54  Probe (Chrono Boost)  
  22  2:55  Adept  
  25  3:04  Probe (Chrono Boost)  
  26  3:07  Assimilator  
  26  3:08  Probe (Chrono Boost)  
  26  3:09  Assimilator  
  27  3:15  Stargate  
  27  3:21  Stargate  
  27  3:27  Probe (Chrono Boost)  
  27  3:29  Probe (Chrono Boost)  
  27  3:31  Pylon  
  29  3:39  Adept  
  31  3:42  Probe  
  31  3:45  Probe  
  33  3:53  Probe  
  34  3:57  Pylon, Probe  
  35  4:04  Probe  
  35  4:06  Adept  
  38  4:20  Pylon  
  38  4:21  Pylon  
  38  4:23  Probe  
  38  4:29  Oracle (Chrono Boost)  
  42  4:41  Adept  
  44  4:46  Gateway  
  44  4:54  Probe  
  44  4:55  Robotics Facility  
  45  5:01  Probe  
  46  5:16  Oracle (Chrono Boost)  
  46  5:18  Probe  
  46  5:20  Probe  
  51  5:28  Gateway  
  49  6:02  Probe  
  44  6:04  Probe  
  45  6:18  Robotics Bay  
  45  6:25  Twilight Council  
  45  6:28  Pylon  
  45  6:29  Probe  
  45  6:30  Pylon  
  45  6:32  Probe  
  47  6:35  Immortal (Chrono Boost)  
  51  6:41  Forge  
  51  6:42  Probe  
  51  6:43  Pylon, Forge, Gateway  
  51  6:44  Gateway  
  51  6:45  Pylon  
  52  7:09  Extended Thermal Lance  
  52  7:11  Probe  
  52  7:14  Nexus  
  53  7:18  Assimilator  
  53  7:19  Assimilator  
  53  7:23  Pylon  
  53  7:24  Pylon  
  53  7:27  Pylon  
  53  7:29  Probe  
  53  7:30  Probe  
  53  7:35  Colossus (Chrono Boost)  
  61  7:43  Probe  
  61  7:45  Probe  
  61  7:48  Zealot x3  
  69  8:02  Protoss Ground Weapons Level 1 (Chrono Boost), Protoss Ground Armor Level 1 (Chrono Boost)  
  69  8:07  Charge (Chrono Boost)  
  69  8:13  Zealot x3  
  69  8:14  Zealot x2  
  79  8:24  Observer, Probe x2  
  79  8:25  Robotics Facility  
  79  8:26  Probe  
  80  8:51  Pylon  
  80  8:59  Probe x3  
  80  9:01  Pylon, Observer Gravitic Boosters  
  83  9:11  Photon Cannon  
  83  9:12  Observer  
  83  9:14  Photon Cannon  
  83  9:15  Photon Cannon  
  83  9:16  Colossus  
  90  9:18  Photon Cannon  
  90  9:21  Pylon  
  90  9:24  Probe  
  90  9:25  Probe  
  92  9:33  Observer  
  90  9:42  Stalker x5  
  96  9:55  Pylon  
  96  10:00  Probe x2  
  96  10:01  Pylon  
  91  10:17  Probe x2  
  93  10:27  Nexus  
  93  10:30  Assimilator  
  93  10:35  Assimilator  
  93  10:36  Probe  
  93  10:39  Pylon  
  93  10:42  Pylon  
  94  10:44  Photon Cannon  
  94  10:45  Pylon  
  94  10:46  Probe  
  94  10:47  Dark Shrine, Colossus  
  101  11:04  Stalker  
  101  11:05  Stalker x4  
  101  11:06  Probe  
  108  12:07  Zealot x5  
  118  12:15  Warp Prism  
  120  12:43  Nexus  
  120  12:47  Assimilator  
  120  12:49  Assimilator  
  120  12:51  Pylon, Observer  
  120  12:52  Probe  
  120  12:54  Pylon  
  120  12:56  Photon Cannon  
  122  12:59  Photon Cannon  
  122  13:00  Pylon, Photon Cannon, Dark Templar  
  122  13:03  Pylon, Photon Cannon  
  122  13:05  Pylon  
  124  13:17  Dark Templar  
  124  13:18  Dark Templar x2  
  130  13:35  Protoss Ground Armor Level 2 (Chrono Boost), Protoss Ground Weapons Level 2 (Chrono Boost)  
  105  14:48  Dark Templar  
  105  14:49  Dark Templar x4  
  115  14:53  Gateway  
  115  14:57  Gateway  
  115  15:01  Gateway  
  115  15:02  Gateway, Colossus  
  115  15:06  Gateway  
  121  15:07  Pylon  
  121  15:11  Colossus  
  127  15:27  Photon Cannon  
  127  15:28  Photon Cannon  
  127  15:30  Probe x2  
  127  15:35  Dark Templar x5  
  137  15:38  Photon Cannon  
  137  15:40  Pylon, Photon Cannon  
  139  16:05  Protoss Ground Weapons Level 3 (Chrono Boost), Immortal, Protoss Ground Armor Level 3 (Chrono Boost)  
  132  16:30  Zealot x6  
  132  16:31  Zealot x4  
  152  17:27  Nexus  
  152  17:29  Assimilator  
  150  17:30  Pylon  
  150  17:32  Pylon  
  150  17:33  Pylon  
  150  17:34  Pylon, Assimilator  
  148  17:40  Dark Templar x4  
  148  17:41  Dark Templar x6  
  168  18:17  Dark Templar x5  
  168  18:18  Dark Templar x5  
  180  18:57  Archon x5  
  180  18:58  Archon  
  153  19:26  Protoss Shields Level 1 (Chrono Boost)  
  153  19:27  Stargate  
  153  19:29  Stargate  
  153  19:32  Stargate x2  
  153  19:36  Gateway  
  153  19:37  Gateway  
  151  19:41  Protoss Air Weapons Level 1 (Chrono Boost)  
  151  19:42  Gateway  
  151  19:45  Gateway  
  151  19:47  Gateway  
  151  19:49  Pylon  
  151  19:50  Pylon  
  151  19:52  Cybernetics Core  
  151  19:54  Cybernetics Core  
  143  20:31  Void Ray x2  
  143  20:32  Void Ray x2  
  147  20:48  Zealot x5  
  147  20:49  Zealot x7  
  159  20:50  Zealot x3  
  159  20:51  Probe  
  159  20:52  Probe  
  159  20:53  Probe x2  
  169  21:14  Void Ray x4, Stalker  
  169  21:15  Stalker x6  
  169  21:17  Stalker  
  169  21:18  Stalker  
  196  21:31  Stalker x3  
Tags
 
Matchup
PvT
Replay Pack
All Mines
Spawn Locations
Cross Positions
Add a new tag
Caveats
  • Supply blocks, unpowered buildings, or Contaminate may cause inaccurate times.
  • Supply counts are checked every 10 seconds.